 Dungeon Crawl Stone Soup version 0.29-a0-323-g050149af67 (webtiles) character file.

Game seed: 2644192820101706572

77 Dauddaud the Shield-Bearer (level 4, 0/37 HPs)
             Began as a Formicid Fighter on Apr 10, 2022.
             Slain by a gnoll
             ... wielding a +2 vorpal spear
              (1 damage)
             ... on level 2 of the Dungeon.
             The game lasted 00:13:31 (1622 turns).

Dauddaud the Shield-Bearer (Formicid Fighter)       Turns: 1622, Time: 00:13:36

Health: 0/37       AC:  9    Str: 22    XL:     4   Next: 58%
Magic:  4/4        EV:  7    Int:  8    God:
Gold:   83         SH:  4    Dex: 10    Spells: 3/3 levels left

rFire   . . .      SeeInvis +   t - staff of poison
rCold   . . .      Faith    .   c - +0 buckler
rNeg    . . .      Spirit   .   g - +0 chain mail
rPois   +          Reflect  .   (helmet unavailable)
rElec   .          Harm     .   (no cloak)
rCorr   +          Rampage  .   (no gloves)
Will    .....                   (no boots)
Stlth   ..........              (no amulet)
HPRegen 0.12/turn               r - ring of resist corrosion
MPRegen 0.09/turn               (no ring)

@: mighty, brilliant
A: permanent stasis, dig shafts and tunnels, antennae 3, four strong arms
a: Dig, Shaft Self


You were on level 2 of the Dungeon.
You visited 1 branch of the dungeon, and saw 2 of its levels.

You collected 83 gold pieces.

Inventory:

Hand Weapons
 a - a +0 war axe
 k - a +0 hunting sling
 q - a +1 dagger of speed
 v - a +0 mace
Missiles
 j - 124 stones
Armour
 b - a +0 scale mail
 c - a +0 buckler (worn)
 e - a +0 leather armour
 g - a +0 chain mail (worn)
 l - a +1 ring mail of willpower
Magical Staves
 t - a staff of poison (weapon)
Jewellery
 r - a ring of resist corrosion (left hand)
Scrolls
 f - a scroll of vulnerability {unknown}
 i - a scroll of noise {unknown}
 n - 2 scrolls of identify {unknown}
 o - a scroll of enchant armour {unknown}
 w - a scroll of amnesia {unknown}
 x - a scroll of summoning {unknown}
Potions
 h - a potion of heal wounds {unknown}
 s - a potion of curing {unknown}
 u - a potion of flight {unknown}


   Skills:
 + Level 4.0 Fighting
 + Level 2.8 Axes
 + Level 0.3 Slings
 + Level 3.8 Armour
 + Level 0.9 Dodging
 + Level 4.0 Shields


You had 3 spell levels left.
You didn't know any spells.
Your spell library contained the following spells:

 Spells                   Type           Power      Damage    Failure   Level
 Ensorcelled Hibernation  Hex/Ice        0%         N/A       100%        2
 Passwall                 Tmut/Erth      0%         N/A       100%        2
 Swiftness                Air            Unusable   N/A       N/A         3

Dungeon Overview and Level Annotations

Branches:
Dungeon (2/15)

Altars:


Innate Abilities, Weirdness & Mutations

You cannot be hasted, slowed, berserked, paralysed or teleported.
You can dig through walls and to a lower floor.
You have a pair of large antennae on your head. (SInv)
Your four strong arms can wield two-handed weapons with a shield.


Message History

The frilled lizard bites you but does no damage.
You barely miss the frilled lizard. The gnoll hits you but does no damage.
The frilled lizard barely misses you.
You miss the frilled lizard. You block the gnoll's attack.
The frilled lizard bites you but does no damage.
You hit the frilled lizard.
You kill the frilled lizard!
The gnoll hits you from afar with a +0 spear.
The gnoll closely misses you. You block the gnoll's attack.
The gnoll barely misses you.
You hit the gnoll.
The gnoll is moderately wounded.
The gnoll hits you but does no damage. The gnoll hits you with a +0 club.
The gnoll barely misses you.
You closely miss the gnoll.
The gnoll is moderately wounded.
The gnoll barely misses you. The gnoll hits you with a +0 club!
The gnoll hits you but does no damage.
You closely miss the gnoll.
The gnoll is moderately wounded.
The gnoll barely misses you. You block the gnoll's attack.
The gnoll hits you from afar with a +2 vorpal spear.
You feel very mighty all of a sudden.
The gnoll hits you from afar with a +0 spear.
The gnoll hits you with a +0 club!
* * * LOW HITPOINT WARNING * * *
You block the gnoll's attack.
It was a potion of brilliance.
You feel clever all of a sudden.
The gnoll hits you from afar with a +0 spear.
* * * LOW HITPOINT WARNING * * *
The gnoll hits you but does no damage. The gnoll completely misses you.
As you read the scroll labelled ENUFRANNAYCU, it crumbles to dust.
You feel a strange sense of stasis.
It was a scroll of teleportation.
The gnoll hits you from afar with a +0 spear.
* * * LOW HITPOINT WARNING * * *
The gnoll hits you but does no damage.
The gnoll hits you from afar with a +2 vorpal spear.
* * * LOW HITPOINT WARNING * * *
You die...

.......#.###.#
#.#.......#.##...#
...###.#.....#
#.##.#.#..#.##...# ...#
#.#########.##.#.##.#.##...#
...#
#.................#...##...#
...#
#.#########.#.##.###########
#### #.## #.#.####
######..## #.#.# #........#
#.#.# #........# #@#.#
#........# ##g#.#######
#........## #gg.........
#.........# #...........
#.........# #..........^
#.........#####...........
#........).#..............
##########.#{##...........
#.#{##...........


You could see 3 gnolls.

Vanquished Creatures
  2 adders (D:2)
  2 dart slugs
  8 endoplasms
  4 hobgoblins (D:1)
  4 jackals (D:1)
  3 quokkas (D:1)
  7 ball pythons
  4 bats
  4 frilled lizards
  6 goblins
  6 kobolds
  2 rats (D:1)
52 creatures vanquished.

Notes
Turn   | Place    | Note
-------+----------+-------------------------------------------
     0 | D:1      | Dauddaud the Formicid Fighter began the quest for the Orb.
     0 | D:1      | Reached XP level 1. HP: 18/18 MP: 1/1
   198 | D:1      | Reached XP level 2. HP: 24/24 MP: 2/2
   346 | D:1      | Reached XP level 3. HP: 27/29 MP: 3/3
   804 | D:1      | Found a faded altar of an unknown god.
  1112 | D:2      | Reached XP level 4. HP: 34/37 MP: 4/4
  1622 | D:2      | HP: 1/37 [gnoll/+2 vorpal spear (3)]
  1622 | D:2      | Slain by a gnoll

Illustrated notes

Levels and vault maps discovered:
D:1:      minmay_arrival_wavy_path, layout_basic,
          shapermc_ecumenical_altar_pompeii, minmay_vboxes
D:2:      layout_basic, minivault_14, nicolae_grassy_gnolls

Skill      XL: |  1  2  3  4 |
---------------+-------------+-----
Shields        | 4 |  4.0
Fighting       | 4 |  4.0
Axes           | |  2.8
Slings         | |  0.3
Armour         | |  3.8
Dodging        | |  0.9

Action                   |  1- 3 |  4- 6 || total
-------------------------+-------+-------++-------
Melee: War axe           |    85 |    28 ||   113
       Staff             |       |     8 ||     8
 Fire: Hunting sling     |     2 |       ||     2
 Abil: Dig               |     1 |       ||     1
  Use: Potion            |       |     2 ||     2
       Scroll            |       |     1 ||     1
Armor: Chain mail        |    53 |    38 ||    91
Dodge: Dodged            |    33 |    26 ||    59
Block: Buckler           |    20 |    13 ||    33

Table legend: (Time is in decaauts)
 A = Elapsed time spent in this place.
 B = Non-inter-level travel time spent in this place.
 C = Inter-level travel time spent in this place.
 D = Time resting spent in this place.
 E = Time spent auto-exploring this place.
 F = Levels seen in this place.
 G = Mean time per level.
                   A        B        C        D        E       F      G
               +--------+--------+--------+--------+--------+-----+--------+
         Total |   1670 |   1623 |     47 |    189 |    909 |   2 |  835.0 |
       Dungeon |   1670 |   1623 |     47 |    189 |    909 |   2 |  835.0 |
               +--------+--------+--------+--------+--------+-----+--------+

Top non-repeatable levels by time:
     D:1: 1118 daAuts
     D:2: 552 daAuts
